[Event "Titled Tuesday Blitz May 2 Late 2023"]
[White "Gasparyan, David"]
[Black "Nazaretyan, Tigran"]
[WhiteFideId "13311980"]
[BlackFideId "24162345"]
[WhiteElo "2142"]
[BlackElo "2111"]
[Result "0-1"]
[Round "09"]
[TimeControl "180+2"]
[Date "2023.05.02"]
[WhiteClock "0:00:09"]
[BlackClock "0:00:09"]

1. e4 c5 2. Nc3 Nc6 3. Bb5 Nd4 4. Nf3 a6 5. Bd3 Nc6 6. O-O d6 7. h3 g6 8. a3 Bg7 9. Rb1 e5 10. b4 b5 11. bxc5 dxc5 12. Nd5 Nge7 13. c4 b4 14. axb4 Nxd5 15. exd5 Nxb4 16. Rxb4 cxb4 17. Qa4+ Bd7 18. Qxb4 a5 19. Qd6 Qb8 20. Ba3 Qxd6 21. Bxd6 f6 22. c5 Bf8 23. Bxf8 Kxf8 24. Rb1 a4 25. c6 Be8 26. c7 Ke7 27. Rb6 Bd7 28. d6+ Kf7 29. Be4 a3 30. Bxa8 Rxa8 31. Rb8 Ra7 32. Rd8 Ke6 33. d4 a2 34. d5+ Kxd6 35. c8=Q a1=Q+ 36. Kh2 Qb2 37. Qc6+ Ke7 38. Qc5+ Kxd8 39. Qxa7 e4 40. Nd4 Ke7 41. Nc6+ Kd6 42. Na5 Qe5+ 43. g3 Qxd5 44. Qb6+ Ke7 45. Qb4+ Kf7 46. Nc4 Qe6 47. Nd6+ Kg7 48. Nxe4 Qxh3+ 49. Kg1 Bc6 50. Qe7+ Kh6 51. Qf8+ Kh5 52. Nxf6+ Kg5 53. Qc5+ Kxf6 54. Qxc6+ Qe6 55. Qf3+ Qf5 56. Qc3+ Kg5 57. Qe3+ Kh5 58. Qe2+ Kh6 59. Qd2+ Qg5 60. Qxg5+ Kxg5 61. Kg2 h5 62. Kf3 Kf5 63. Ke3 Kg4 64. Ke4 g5 65. f4 gxf4 66. gxf4 h4 67. f5 h3 68. f6 h2 69. Ke5 h1=Q 70. f7 Qh8+ 71. Ke6 Qf8 72. Kf6 Kh5 73. Ke6 Kg6 74. Ke5 Qe7+ 75. Kd5 Kxf7 76. Kd4 Qd6+ 77. Kc4 Kf6 78. Kb5 Ke5 79. Kc4 Ke4 80. Kc3 Qd3+ 81. Kb4 Qc2 82. Kb5 Kd5 83. Kb6 Qb3+ 84. Kc7 Qb5 85. Kd8 Kd6 86. Kc8 Qd7+ 87. Kb8 Kc6 88. Ka8 Qb7# 0-1


[Site "https://www.chess.com"]

[Event "Titled Tuesday Blitz May 2 Late 2023"]
[White "Bueno, Alfeu Junior Varela"]
[Black "Meunier-Pion, Jean"]
[WhiteFideId "2108879"]
[BlackFideId "20685327"]
[WhiteElo "2175"]
[BlackElo "2124"]
[Result "0-1"]
[Round "09"]
[TimeControl "180+2"]
[Date "2023.05.02"]
[WhiteClock "0:00:09"]
[BlackClock "0:00:07"]

1. e4 c5 2. Nc3 d6 3. f4 g6 4. Nf3 Bg7 5. Bb5+ Bd7 6. O-O Bxb5 7. Nxb5 Nc6 8. d3 e6 9. f5 exf5 10. exf5 Nge7 11. fxg6 hxg6 12. Ng5 Nf5 13. g4 Nh6 14. Bf4 Ne5 15. h3 Qd7 16. Nc3 O-O-O 17. Nd5 f6 18. Bxe5 dxe5 19. Nxf6 Qd4+ 20. Kg2 Bxf6 21. Rxf6 Qe3 22. Ne4 Nf5 23. Qh1 Qe2+ 24. Nf2 Ne3+ 25. Kg3 Nd5 26. Qe1 Qxc2 27. Rf7 Rde8 28. Qe4 Nc7 29. Re1 Qxb2 30. Qa4 Qd4 31. Qxd4 exd4 32. Ree7 Rxe7 33. Rxe7 Re8 34. Rg7 Re6 35. h4 Ne8 36. Rg8 Kd7 37. h5 gxh5 38. gxh5 Rh6 39. Kg4 Nf6+ 40. Kg5 Nxg8 41. Ng4 Rb6 42. h6 Nxh6 43. Nxh6 Rxh6 44. Kxh6 c4 45. Kg5 cxd3 46. Kf4 d2 0-1


[Site "https://www.chess.com"]

[Event "Titled Tuesday Blitz May 2 Late 2023"]
[White "Bryant, Todd"]
[Black "Graif, William"]
[WhiteFideId "2031299"]
[BlackFideId "2609835"]
[WhiteElo "2075"]
[BlackElo "2205"]
[Result "1-0"]
[Round "09"]
[TimeControl "180+2"]
[Date "2023.05.02"]
[WhiteClock "0:01:08"]
[BlackClock "0:00:15"]

1. e4 e5 2. f4 d5 3. exd5 c6 4. Nc3 exf4 5. Nf3 Nf6 6. d4 Bd6 7. Bc4 O-O 8. dxc6 Re8+ 9. Ne2 Nxc6 10. O-O Bg4 11. c3 Nh5 12. Qb3 Qc7 13. Qc2 Rac8 14. Ng5 Nf6 15. Bxf7+ Kh8 16. Nxf4 Re7 17. Qxh7+ Nxh7 18. Ng6# 1-0


[Site "https://www.chess.com"]

[Event "Titled Tuesday Blitz May 2 Late 2023"]
[White "Bogaudinov, Rushan"]
[Black "Bilan, Danila"]
[WhiteFideId "4129288"]
[BlackFideId "24161918"]
[WhiteElo "1967"]
[BlackElo "2182"]
[Result "1-0"]
[Round "09"]
[TimeControl "180+2"]
[Date "2023.05.02"]
[WhiteClock "0:00:07"]
[BlackClock "0:00:03"]

1. d4 d5 2. c4 c6 3. Nc3 Nf6 4. Nf3 e6 5. e3 Nbd7 6. Be2 Bd6 7. O-O O-O 8. b3 Ne4 9. Bb2 f5 10. Nxe4 fxe4 11. Ne5 Bxe5 12. dxe5 Qg5 13. Qd4 Rf5 14. cxd5 exd5 15. e6 Ne5 16. e7 Be6 17. Kh1 Re8 18. f4 exf3 19. gxf3 Qxe7 20. Rg1 Ng6 21. Bd3 Rf6 22. f4 Bf5 23. Rae1 Be4+ 24. Bxe4 dxe4 25. Qc4+ Rf7 26. f5 Nh4 27. Rxg7+ Kf8 28. Reg1 Rxg7 29. Bxg7+ Qxg7 30. Rxg7 Kxg7 31. Qd4+ Kf7 32. Qd7+ Re7 33. Qd6 Nxf5 34. Qf4 Kg6 35. Qg4+ Kf6 36. h4 Rg7 37. Qf4 Rg3 38. Kh2 Rxe3 39. Qg5+ Ke5 40. h5 Re2+ 41. Kg1 h6 42. Qg6 Re3 43. Kf2 Rg3 44. Qe8+ Kf4 45. Qb8+ Kg4 46. Qxb7 e3+ 47. Ke1 Nd4 48. Qg7+ Kh4 49. Qxd4+ Kh3 50. Ke2 Rg4 51. Qxe3+ Kh4 52. Qxh6 Rg2+ 53. Kf3 Rxa2 54. Qg6 a5 55. Qg4# 1-0


[Site "https://www.chess.com"]

[Event "Titled Tuesday Blitz May 2 Late 2023"]
[White "Colpe, Malte"]
[Black "Ansh M Shah"]
[WhiteFideId "24623075"]
[BlackFideId "25033379"]
[WhiteElo "2289"]
[BlackElo "2084"]
[Result "0-1"]
[Round "09"]
[TimeControl "180+2"]
[Date "2023.05.02"]
[WhiteClock "0:00:11"]
[BlackClock "0:00:07"]

1. c4 Nf6 2. Nf3 e6 3. Nc3 d5 4. d4 Be7 5. Bf4 O-O 6. e3 c6 7. h3 Nbd7 8. cxd5 exd5 9. Bd3 Re8 10. O-O Nf8 11. Qc2 Ng6 12. Bh2 Bd6 13. Bxd6 Qxd6 14. Rab1 a5 15. a3 b5 16. Rfe1 Nf8 17. Ne5 N8d7 18. f4 Nb6 19. b3 Bb7 20. a4 b4 21. Ne2 Rac8 22. Rbc1 Nbd7 23. Ng3 g6 24. Qe2 c5 25. Bb5 Re7 26. Rc2 cxd4 27. Rxc8+ Bxc8 28. exd4 Nf8 29. Rc1 Bd7 30. Kh2 Bxb5 31. axb5 Rb7 32. Rc6 Qe7 33. Ng4 Nxg4+ 34. Qxg4 Rxb5 35. Nf5 Qd7 36. Nh6+ Kg7 37. Rc8 Qxg4 38. Nxg4 a4 39. bxa4 b3 40. Rc1 Rb4 41. Rb1 Rxa4 42. Rxb3 Rxd4 43. f5 gxf5 44. Ne3 Kf6 45. Rb6+ Ne6 46. Rd6 Ke5 47. Rd7 Ng5 48. Nc2 Rd2 49. Ne3 d4 50. Nc4+ Ke6 51. Rd6+ Ke7 52. Rd5 Rd1 53. Rxf5 Ne6 54. Rd5 d3 55. Kg3 Kf6 56. Kf2 Nf4 57. Rd6+ Ke7 58. Rd4 Ne6 59. Rd5 Nf4 60. Rd4 Ne6 61. Rd5 Nc7 62. Rd4 Nb5 63. Rd5 Nc3 64. Rd4 Kf6 65. Nb2 Rd2+ 66. Kf3 Rxb2 67. Rxd3 Nb5 68. Rd5 Nc7 69. Rd6+ Ne6 70. Kg3 Rb3+ 71. Kh2 Kg7 72. Rd2 Re3 73. Rf2 Re5 74. Rf3 Kg6 75. Rg3+ Rg5 76. Re3 h5 77. Re2 h4 78. Re4 Kh5 79. Re3 Rf5 80. Ra3 Ng5 81. g4+ hxg3+ 82. Kxg3 Ne4+ 83. Kg2 Ng5 84. Kg3 Ne6 85. Rf3 Rxf3+ 86. Kxf3 Kh4 87. Ke4 Kxh3 88. Kf5 Kh4 89. Kf6 Nd8 90. Ke7 f5 0-1


[Site "https://www.chess.com"]

[Event "Titled Tuesday Blitz May 2 Late 2023"]
[White "Kubatko, Ivan"]
[Black "Jodorcovsky Werjivker, Paulo"]
[WhiteFideId "24111473"]
[BlackFideId "3700305"]
[WhiteElo "2285"]
[BlackElo "2120"]
[Result "0-1"]
[Round "09"]
[TimeControl "180+2"]
[Date "2023.05.02"]
[WhiteClock "0:00:04"]
[BlackClock "0:00:13"]

1. e4 e5 2. Nf3 Nc6 3. Nc3 Nf6 4. g3 Bb4 5. d3 d5 6. exd5 Nxd5 7. Bd2 Nxc3 8. bxc3 Bc5 9. Bg2 O-O 10. O-O h6 11. Re1 Re8 12. Rb1 Rb8 13. h3 Qd6 14. d4 Bb6 15. dxe5 Nxe5 16. Nxe5 Rxe5 17. Rxe5 Qxe5 18. Bf4 Qe7 19. a4 a5 20. Qe1 Qxe1+ 21. Rxe1 Kf8 22. Bd5 Bd7 23. Bb3 Re8 24. Rxe8+ Kxe8 25. Kf1 Ke7 26. h4 Bg4 27. Ke1 Bf3 28. Kd2 c6 29. Be3 Bc7 30. Bd4 g6 31. Ke3 Bg4 32. f4 h5 33. c4 Be6 34. c5 Bb8 35. Bc3 Bc7 36. Bd4 Bxb3 37. cxb3 Ke6 38. Ke4 f5+ 39. Kd3 Kd5 40. Be3 Bd8 41. Bf2 Be7 42. Be1 Bxc5 43. Bxa5 Bf2 44. Ke2 Bxg3 45. Bd8 Bxf4 46. Kd3 Bd6 47. Bf6 Bb4 48. Bg5 b5 49. axb5 cxb5 50. Bf6 Bd6 51. Bg5 Ke5 52. Ke3 Bc5+ 53. Kf3 Kd4 54. Bf6+ Kd3 55. Kf4 Be3+ 56. Kf3 Bd4 57. Be7 Kc2 58. b4 Kb3 59. Kf4 Bc3 60. Kg5 Bxb4 61. Bd8 Bc5 62. Kxg6 f4 63. Bg5 f3 64. Bd2 f2 65. Kxh5 f1=Q 66. Bg5 Qf5 67. Kh6 Bf8+ 68. Kh5 Be7 69. Kh6 Bxg5+ 70. hxg5 Kc4 71. g6 Kd5 72. g7 Qf6+ 73. Kh7 Qh4+ 74. Kg8 Ke6 75. Kf8 Qd8# 0-1


[Site "https://www.chess.com"]

[Event "Titled Tuesday Blitz May 2 Late 2023"]
[White "Vaglio Munoz, Jaime"]
[Black "Goltsev, Dmitry"]
[WhiteFideId "6500145"]
[BlackFideId "24176710"]
[WhiteElo "2199"]
[BlackElo "2336"]
[Result "0-1"]
[Round "09"]
[TimeControl "180+2"]
[Date "2023.05.02"]
[WhiteClock "0:00:31"]
[BlackClock "0:01:00"]

1. Nf3 d5 2. c4 c6 3. e3 Nf6 4. b3 g6 5. Bb2 Bg7 6. Be2 Nh5 7. Bxg7 Nxg7 8. Qc1 O-O 9. Qb2 Nd7 10. O-O f6 11. d3 e5 12. e4 d4 13. b4 Ne6 14. c5 Nf4 15. Na3 f5 16. exf5 gxf5 17. Rfe1 Qf6 18. Nc4 Kh8 19. Bf1 Rg8 20. g3 Ng6 21. Qe2 Re8 22. Bg2 e4 23. Nfd2 e3 24. Nd6 Re7 25. Nf3 f4 26. Qb2 Nde5 27. Ne4 Qg7 28. Nxd4 Nxd3 29. Qc3 exf2+ 30. Nxf2 Rxe1+ 31. Rxe1 Nxe1 32. Qxe1 Qxd4 33. Qe8+ Kg7 34. gxf4 Qxf4 35. Be4 Qc1+ 36. Kg2 Bh3+ 37. Kxh3 Rxe8 38. Bg2 Qe3+ 0-1


[Site "https://www.chess.com"]

[Event "Titled Tuesday Blitz May 2 Late 2023"]
[White "Bjelobrk, Igor"]
[Black "Hoffmann, Asa"]
[WhiteFideId "4300726"]
[BlackFideId "2001470"]
[WhiteElo "2335"]
[BlackElo "2117"]
[Result "1-0"]
[Round "09"]
[TimeControl "180+2"]
[Date "2023.05.02"]
[WhiteClock "0:00:21"]
[BlackClock "0:00:05"]

1. d4 Nf6 2. c4 c5 3. d5 e5 4. Nc3 d6 5. e4 Be7 6. g3 O-O 7. Bg2 Na6 8. Nge2 Ne8 9. O-O Bd7 10. a3 Nec7 11. f4 Bf6 12. f5 b5 13. b3 Rb8 14. Qd3 b4 15. Nd1 bxa3 16. Rxa3 Nb4 17. Qd2 a6 18. Nf2 h6 19. h4 Ra8 20. Kh2 a5 21. Nc3 Qe8 22. Ng4 Qe7 23. Kh3 Rfb8 24. Nxf6+ Qxf6 25. g4 g5 26. hxg5 hxg5 27. Rh1 Kg7 28. Kg3 Rh8 29. Rxh8 Rxh8 30. Qxg5+ Qxg5 31. Bxg5 f6 32. Bd2 Ra8 33. Ra1 Nc2 34. Rh1 Nd4 35. Bh6+ Kf7 36. g5 fxg5 37. Bxg5 Rg8 38. Rh7+ Rg7 39. Rxg7+ Kxg7 40. Be7 Ne8 41. Bf3 Nxb3 42. Bh5 a4 43. Bxe8 Bxe8 44. Bxd6 Nd2 45. Bxe5+ Kf7 46. Bf4 Nxc4 47. e5 a3 48. e6+ Kf6 49. d6 Nb6 50. Kg4 Nd7 51. Nd5+ Kg7 52. exd7 Bxd7 53. Kg5 Kf7 54. Be5 a2 55. Nb6 Bc6 56. d7 Ke7 57. Bf6+ Kd6 58. d8=Q+ 1-0


[Site "https://www.chess.com"]

[Event "Titled Tuesday Blitz May 2 Late 2023"]
[White "Kula, Robert"]
[Black "Palencia Morales, Wilson Guillermo"]
[WhiteFideId "1101218"]
[BlackFideId "4401859"]
[WhiteElo "2180"]
[BlackElo "2139"]
[Result "0-1"]
[Round "09"]
[TimeControl "180+2"]
[Date "2023.05.02"]
[WhiteClock "0:00:20"]
[BlackClock "0:00:11"]

1. d4 Nf6 2. c4 c5 3. d5 e6 4. Nc3 exd5 5. cxd5 d6 6. e4 g6 7. Bd3 a6 8. a4 Bg7 9. Nge2 O-O 10. O-O Re8 11. f3 Nbd7 12. Bg5 h6 13. Bf4 Ne5 14. Qd2 g5 15. Bg3 Ng6 16. a5 Nh5 17. Bf2 Bd7 18. Bc2 Rc8 19. Ba4 Nhf4 20. Nxf4 Nxf4 21. Bxd7 Qxd7 22. Na4 Qe7 23. Nb6 Rcd8 24. Nc4 Be5 25. Ra3 Qf6 26. Rb3 Rd7 27. Rb6 h5 28. Bxc5 Rc8 29. Nxe5 Qxe5 30. Bf2 h4 31. Rd1 f5 32. Bd4 Qe7 33. Be3 Qe5 34. Bxf4 gxf4 35. exf5 Rg7 36. Rb4 h3 37. Qxf4 Rxg2+ 38. Kh1 Qxf4 39. Rxf4 Rcc2 40. Rg4+ Kf7 41. Rxg2 Rxg2 42. f4 Rxb2 43. Kg1 Rg2+ 44. Kf1 Rxh2 45. Rd3 Kf6 46. Rb3 Kxf5 47. Rxb7 Ra2 48. Kg1 Rxa5 49. Rf7+ Kg4 50. Rg7+ Kf3 51. Kh2 Rxd5 52. Rg6 a5 53. Rg3+ Kxf4 54. Kxh3 Ke4 55. Ra3 Kd4 56. Kg4 Kc4 57. Kf4 Rd4+ 58. Ke3 Rd5 59. Ke4 Re5+ 60. Kf4 Kb4 61. Rd3 Re6 62. Kf5 Rh6 63. Kg5 Re6 64. Kf5 Re5+ 65. Kf4 Kc5 66. Rc3+ Kb6 67. Rb3+ Rb5 68. Rd3 Kc6 69. Rc3+ Rc5 70. Rd3 a4 71. Ke4 Rc4+ 72. Ke3 Kc5 73. Rd1 d5 74. Rh1 a3 75. Rh8 Ra4 76. Rh1 a2 77. Ra1 Kc4 78. Kd2 Kb3 79. Kc1 Rc4+ 80. Kd2 Kb2 81. Rg1 a1=Q 82. Rxa1 Kxa1 83. Kd3 Kb2 84. Ke3 Kc3 85. Kf3 d4 86. Kf2 d3 87. Ke3 d2 88. Kf2 d1=Q 89. Ke3 Qd5 90. Ke2 Re4+ 91. Kf3 Qd3+ 92. Kf2 Re2+ 93. Kf1 Kd4 94. Kg1 Ke3 95. Kf1 Kf3 96. Kg1 Kg3 97. Kf1 Qc4 98. Kg1 Qd4+ 99. Kf1 Qf2# 0-1


[Site "https://www.chess.com"]

[Event "Titled Tuesday Blitz May 2 Late 2023"]
[White "Ballester Llagaria, Luis Eduardo"]
[Black "Van den Dikkenberg, Erik"]
[WhiteFideId "2297620"]
[BlackFideId "1005880"]
[WhiteElo "2344"]
[BlackElo "2118"]
[Result "1-0"]
[Round "09"]
[TimeControl "180+2"]
[Date "2023.05.02"]
[WhiteClock "0:02:06"]
[BlackClock "0:01:37"]

1. e4 c5 2. Nc3 d6 3. d4 cxd4 4. Qxd4 Nf6 5. Qd2 Nc6 6. b3 g6 7. Bb2 Bg7 8. O-O-O O-O 9. h4 h5 10. Kb1 a6 11. Be2 b5 12. f3 Be6 13. Nd5 Bxd5 14. exd5 Ne5 15. g4 hxg4 16. fxg4 Rc8 17. h5 Qc7 18. h6 Bh8 19. h7+ Kg7 20. Qh6# 1-0


[Site "https://www.chess.com"]

[Event "Titled Tuesday Blitz May 2 Late 2023"]
[White "Urbina Perez, Juan Antonio"]
[Black "Estremera Panos, Sergio"]
[WhiteFideId "2217368"]
[BlackFideId "2200864"]
[WhiteElo "2197"]
[BlackElo "2253"]
[Result "1-0"]
[Round "09"]
[TimeControl "180+2"]
[Date "2023.05.02"]
[WhiteClock "0:01:11"]
[BlackClock "0:00:42"]

1. e4 e5 2. Nf3 Nf6 3. Nc3 Bb4 4. Bc4 O-O 5. d3 c6 6. O-O Bxc3 7. bxc3 d5 8. exd5 cxd5 9. Bb3 e4 10. Nd4 h6 11. Rb1 Nc6 12. f3 Be6 13. fxe4 Nxd4 14. cxd4 dxe4 15. dxe4 Bxb3 16. Rxb3 Nxe4 17. Re3 Nd6 18. Rg3 Kh8 19. Bxh6 gxh6 20. Qh5 Kh7 21. Rh3 f5 22. Qxh6+ Kg8 23. Qh7# 1-0


[Site "https://www.chess.com"]

[Event "Titled Tuesday Blitz May 2 Late 2023"]
[White "Ladan, Nicholas"]
[Black "Dovbnia, Nikita"]
[WhiteFideId "30918855"]
[BlackFideId "54104599"]
[WhiteElo "2167"]
[BlackElo "2076"]
[Result "1-0"]
[Round "09"]
[TimeControl "180+2"]
[Date "2023.05.02"]
[WhiteClock "0:01:52"]
[BlackClock "0:01:33"]

1. d4 Nf6 2. Nf3 e6 3. Bf4 c5 4. e3 Nc6 5. Nbd2 b6 6. c3 Bb7 7. Nc4 d5 8. Nce5 Nd7 9. Nxf7 Kxf7 10. Ng5+ Kg8 11. Nxe6 Qe7 12. Nc7 Re8 13. Nxd5 Qf7 14. Bc4 b5 15. Ne7+ Rxe7 16. Bxf7+ Kxf7 17. Qb3+ Kg6 18. Qxb5 cxd4 19. Qxb7 dxe3 20. Qxc6+ 1-0


[Site "https://www.chess.com"]

[Event "Titled Tuesday Blitz May 2 Late 2023"]
[White "Kalaiyalahan, Akshaya"]
[Black "Jaskolka, Tomasz"]
[WhiteFideId "422894"]
[BlackFideId "1170791"]
[WhiteElo "2043"]
[BlackElo "2155"]
[Result "1-0"]
[Round "09"]
[TimeControl "180+2"]
[Date "2023.05.02"]
[WhiteClock "0:00:10"]
[BlackClock "0:00:15"]

1. d4 d5 2. c4 e5 3. dxe5 d4 4. Nf3 Nc6 5. g3 Nge7 6. Bg2 Ng6 7. O-O Ngxe5 8. Nxe5 Nxe5 9. b3 Bc5 10. Bb2 c6 11. e3 Bg4 12. f3 dxe3 13. Qe2 Nd3 14. Bxg7 Rg8 15. fxg4 Rxg7 16. Nc3 Qd4 17. Ne4 O-O-O 18. Rad1 Nf4 19. gxf4 Qxd1 20. Rxd1 Rxd1+ 21. Bf1 Rd4 22. Nxc5 Rxf4 23. Qxe3 Rgxg4+ 24. Bg2 b6 25. Nd3 Rf6 26. Ne5 Rg8 27. Qh3+ Kb7 28. Qd7+ Ka6 29. Nxc6 Rg5 30. Qxa7# 1-0


[Site "https://www.chess.com"]

[Event "Titled Tuesday Blitz May 2 Late 2023"]
[White "Liu, Eric"]
[Black "Ng, Gary"]
[WhiteFideId "30960240"]
[BlackFideId "2604914"]
[WhiteElo "2094"]
[BlackElo "2213"]
[Result "1-0"]
[Round "09"]
[TimeControl "180+2"]
[Date "2023.05.02"]
[WhiteClock "0:02:19"]
[BlackClock "0:01:20"]

1. b3 e5 2. Bb2 Nc6 3. e3 Nf6 4. h4 a6 5. h5 h6 6. Nf3 d6 7. d4 e4 8. Nfd2 Bg4 9. Be2 Bxe2 10. Qxe2 Qd7 11. a3 d5 12. c4 Be7 13. Nc3 Qf5 14. cxd5 Nxd5 15. Ncxe4 O-O-O 16. Ng3 Qe6 17. Rc1 Rhe8 18. Nde4 Nf6 19. Nc5 Bxc5 20. Rxc5 Qxb3 21. O-O Nxd4 22. Bxd4 Rxd4 23. Nf5 Rd5 24. Rxd5 Qxd5 25. Qc2 Nxh5 26. Rd1 Qe4 27. Nd6+ 1-0


[Site "https://www.chess.com"]

[Event "Titled Tuesday Blitz May 2 Late 2023"]
[White "Kohler, Aran"]
[Black "Rottenwohrer Suarez, Juan"]
[WhiteFideId "1002856"]
[BlackFideId "32068182"]
[WhiteElo "2010"]
[BlackElo "2174"]
[Result "1-0"]
[Round "09"]
[TimeControl "180+2"]
[Date "2023.05.02"]
[WhiteClock "0:00:24"]
[BlackClock "0:00:01"]

1. e4 c5 2. Nc3 g6 3. f4 Bg7 4. Nf3 Nc6 5. Bc4 e6 6. d3 Nge7 7. a3 d5 8. Ba2 O-O 9. O-O Nd4 10. e5 f6 11. Nxd4 cxd4 12. Ne2 fxe5 13. fxe5 Bxe5 14. Bh6 Rxf1+ 15. Qxf1 Nf5 16. Bd2 Qc7 17. Bf4 Bxf4 18. Nxf4 Qxc2 19. Rc1 Qxb2 20. Bb1 Bd7 21. Rc7 Rc8 22. Rxc8+ Bxc8 23. Qe1 Ne3 24. Ne2 e5 25. h3 Be6 26. a4 b6 27. Kf2 a6 28. Kf3 b5 29. axb5 axb5 30. g4 b4 31. Qc1 Qxc1 32. Nxc1 h5 33. gxh5 gxh5 34. h4 Bg4+ 35. Kf2 Nf5 36. Ba2 Ne7 37. Nb3 Kf7 38. Nc5 Be6 39. Na6 Nc6 40. Nc7 Ke7 41. Nxd5+ Bxd5 42. Bxd5 Kd6 43. Bf7 Na5 44. Ke2 Kc5 45. Kd2 b3 46. Bxh5 Kb4 47. Bf7 Nc6 48. h5 e4 49. dxe4 Ne5 50. Bd5 Nf3+ 51. Kc1 Kc3 52. Bxb3 Kxb3 53. h6 1-0


[Site "https://www.chess.com"]

[Event "Titled Tuesday Blitz May 2 Late 2023"]
[White "Todorovic, Bojan"]
[Black "Stanisz, Patryk"]
[WhiteFideId "917087"]
[BlackFideId "1123106"]
[WhiteElo "2266"]
[BlackElo "2069"]
[Result "1-0"]
[Round "09"]
[TimeControl "180+2"]
[Date "2023.05.02"]
[WhiteClock "0:00:27"]
[BlackClock "0:00:05"]

1. d4 d5 2. c4 c6 3. Nf3 Nf6 4. e3 e6 5. Nc3 Nbd7 6. Qc2 Bd6 7. b3 b6 8. Bb2 Bb7 9. Bd3 Qe7 10. e4 dxe4 11. Nxe4 Nxe4 12. Bxe4 Nf6 13. Bd3 Bb4+ 14. Kf1 O-O 15. c5 b5 16. Ne5 Nd7 17. Bxh7+ Kh8 18. Nxd7 Qxd7 19. Qe4 Bd2 20. Qh4 Qd8 21. Qxd8 Raxd8 22. Be4 Bg5 23. g3 Bf6 24. Rd1 e5 25. Kg2 exd4 26. Rd3 Rfe8 27. Bf3 b4 28. Rhd1 Ba6 29. R3d2 d3 30. Bxf6 gxf6 31. Bxc6 Re5 32. f4 Rxc5 33. Be4 Kg7 34. Kf3 Rc3 35. h4 Re8 36. h5 Rd8 37. g4 Kh6 38. Rh1 Rc2 39. Rhh2 Rxd2 40. Rxd2 Kg7 41. Ke3 Re8 42. Kf3 Rd8 43. g5 fxg5 44. fxg5 Kh8 45. Kf4 Kg7 46. h6+ Kh8 47. Kf5 Kg8 48. Kf6 Rd6+ 49. Kf5 Rd8 50. Ke5 Re8+ 51. Kf4 Rd8 52. Ke3 Re8 53. Kf3 Rd8 54. Bf5 Rd6 55. Kf4 Rd4+ 56. Ke5 Rd8 57. Kf6 Rd6+ 58. Ke7 Rd4 59. g6 fxg6 60. Bxg6 Kh8 61. Rf2 1-0


[Site "https://www.chess.com"]

[Event "Titled Tuesday Blitz May 2 Late 2023"]
[White "Gerbelli Neto, Eduardo"]
[Black "Georg, Heinz"]
[WhiteFideId "2103281"]
[BlackFideId "4607295"]
[WhiteElo "2178"]
[BlackElo "2147"]
[Result "0-1"]
[Round "09"]
[TimeControl "180+2"]
[Date "2023.05.02"]
[WhiteClock "0:00:10"]
[BlackClock "0:00:21"]

1. e4 d6 2. Nc3 Nf6 3. f4 e5 4. Nf3 Nc6 5. Bb5 exf4 6. d4 Bd7 7. Bxf4 a6 8. Bd3 Be7 9. O-O O-O 10. h3 Qc8 11. Nd5 Bxh3 12. gxh3 Qxh3 13. Qd2 Nh5 14. Nxe7+ Nxe7 15. Ng5 Qg4+ 16. Qg2 Qh4 17. Bd2 Ng6 18. Nf3 Qe7 19. Qg5 Nf6 20. e5 dxe5 21. Bxg6 fxg6 22. Nxe5 Rad8 23. Bc3 c5 24. Rad1 Rd5 25. Qg2 Rfd8 26. Rde1 cxd4 27. Nxg6 Qc5 28. Rxf6 dxc3+ 29. Kf1 hxg6 30. Rf2 Qb5+ 31. Kg1 Rg5 32. bxc3 Rxg2+ 33. Kxg2 Qg5+ 34. Kf1 Rf8 35. Re2 Rxf2+ 36. Rxf2 Qc1+ 37. Kg2 Qa3 0-1


[Site "https://www.chess.com"]

[Event "Titled Tuesday Blitz May 2 Late 2023"]
[White "Quirke, Jeffrey"]
[Black "Kujawski, Adam"]
[WhiteFideId "2013029"]
[BlackFideId "1100920"]
[WhiteElo "2007"]
[BlackElo "2054"]
[Result "1-0"]
[Round "09"]
[TimeControl "180+2"]
[Date "2023.05.02"]
[WhiteClock "0:00:19"]
[BlackClock "0:00:15"]

1. e4 e5 2. Nf3 Nc6 3. Bb5 a6 4. Ba4 Nf6 5. Qe2 Bc5 6. Bxc6 dxc6 7. Nxe5 O-O 8. c3 Ba7 9. O-O Re8 10. d4 c5 11. Rd1 cxd4 12. cxd4 c5 13. dxc5 Qc7 14. Bf4 Qxc5 15. Nc3 Rxe5 16. Bxe5 Bg4 17. Bd4 Qh5 18. f3 Bxd4+ 19. Rxd4 Qc5 20. Qf2 Be6 21. Rad1 Rd8 22. Rxd8+ 1-0


[Site "https://www.chess.com"]

[Event "Titled Tuesday Blitz May 2 Late 2023"]
[White "Buchenau, Frank"]
[Black "Fuentes Godoy, Lilia Ivonne"]
[WhiteFideId "4604350"]
[BlackFideId "5104130"]
[WhiteElo "2157"]
[BlackElo "2096"]
[Result "1-0"]
[Round "09"]
[TimeControl "180+2"]
[Date "2023.05.02"]
[WhiteClock "0:01:02"]
[BlackClock "0:00:15"]

1. e4 c5 2. Nf3 Nc6 3. Bb5 Nd4 4. Nxd4 cxd4 5. O-O a6 6. Ba4 e5 7. c3 b5 8. Bb3 dxc3 9. dxc3 Bb7 10. Bd5 Bxd5 11. Qxd5 f6 12. a4 Ne7 13. Qd6 Qb8 14. Qxb8+ Rxb8 15. axb5 axb5 16. Nd2 Nc6 17. Nb3 Be7 18. Rd1 Kd8 19. Be3 Kc7 20. Rd5 b4 21. c4 Ra8 22. Rad1 Rhd8 23. f4 d6 24. f5 Ra2 25. R1d2 Rda8 26. Kf2 Na5 27. Nc1 b3 28. c5 Nc4 29. cxd6+ Bxd6 30. R2d3 Rxb2+ 31. Kf3 Nxe3 32. Kxe3 Ra6 33. Nxb3 Rc6 34. Na5 Bc5+ 35. Kf3 Rf2+ 36. Kg3 Rxg2+ 37. Kxg2 1-0


[Site "https://www.chess.com"]

[Event "Titled Tuesday Blitz May 2 Late 2023"]
[White "Ardila, Oscar Humberto"]
[Black "Oliveira, Tiago Batista"]
[WhiteFideId "4404742"]
[BlackFideId "2108291"]
[WhiteElo "1918"]
[BlackElo "1962"]
[Result "1-0"]
[Round "09"]
[TimeControl "180+2"]
[Date "2023.05.02"]
[WhiteClock "0:00:20"]
[BlackClock "0:00:01"]

1. d4 Nf6 2. c4 g6 3. Nc3 d5 4. Nf3 Bg7 5. e3 O-O 6. Be2 dxc4 7. Bxc4 c5 8. O-O cxd4 9. Nxd4 e5 10. Nf3 Qxd1 11. Rxd1 Nc6 12. h3 b6 13. Bb5 Bb7 14. Bxc6 Bxc6 15. Nxe5 Bb7 16. Nd7 Rfd8 17. Nxf6+ Bxf6 18. Bd2 Rd7 19. Be1 Rad8 20. Rxd7 Rxd7 21. Rd1 Rc7 22. f3 a6 23. e4 b5 24. a3 Rc4 25. Kf2 b4 26. axb4 Rxb4 27. Rd2 Bd4+ 28. Kg3 a5 29. Bf2 Be5+ 30. f4 Bf6 31. e5 Be7 32. Rd7 Kf8 33. Rxe7 Kxe7 34. Bc5+ Ke6 35. Bxb4 axb4 36. Na2 b3 37. Nc1 Bd5 38. Nd3 Kf5 39. Nb4 Ke4 40. Na6 f6 41. exf6 Kf5 42. f7 1-0


[Site "https://www.chess.com"]

[Event "Titled Tuesday Blitz May 2 Late 2023"]
[White "Van Baar, Esper"]
[Black "De Souza, Cristiano Gomes"]
[WhiteFideId "1049321"]
[BlackFideId "2151758"]
[WhiteElo "2180"]
[BlackElo "2068"]
[Result "1-0"]
[Round "09"]
[TimeControl "180+2"]
[Date "2023.05.02"]
[WhiteClock "0:01:15"]
[BlackClock "0:01:49"]

1. e4 c5 2. Nf3 d6 3. Bb5+ Bd7 4. Bxd7+ Nxd7 5. O-O g6 6. c4 Bg7 7. Nc3 Ngf6 8. d3 h6 9. Ne1 Ne5 10. f4 Nc6 11. Nf3 O-O 12. Be3 Ne8 13. f5 Nc7 14. Qd2 Kh7 15. Kh1 Qd7 16. Rad1 Nd4 17. Ne2 Nxf3 18. Rxf3 b5 19. Bxh6 Rg8 20. Rh3 1-0


[Site "https://www.chess.com"]

[Event "Titled Tuesday Blitz May 2 Late 2023"]
[White "Eisa Mohmood, Alkhoori"]
[Black "Gabdushev, Ruslan"]
[WhiteFideId "9316116"]
[BlackFideId "4137833"]
[WhiteElo "1310"]
[BlackElo "2233"]
[Result "0-1"]
[Round "09"]
[TimeControl "180+2"]
[Date "2023.05.02"]
[WhiteClock "0:00:44"]
[BlackClock "0:00:23"]

1. e4 Nc6 2. d4 d5 3. e5 Bf5 4. Nf3 Qd7 5. Bb5 a6 6. Ba4 e6 7. O-O Nge7 8. Re1 Nc8 9. c3 Nb6 10. Bc2 Bxc2 11. Qxc2 h6 12. a4 Be7 13. a5 Nc8 14. b3 N6a7 15. Nbd2 c5 16. dxc5 Bxc5 17. b4 Be7 18. Bb2 O-O 19. Rad1 Qc7 20. Qb3 Nc6 21. Rc1 N8a7 22. c4 dxc4 23. Nxc4 Bxb4 24. Nb6 Bxe1 25. Nxa8 Rxa8 26. Nxe1 Nb5 27. Nd3 Qxa5 28. Nc5 Nd8 29. Rd1 Rc8 30. Ne4 Nc6 31. Qg3 Rd8 32. Re1 Qxe1# 0-1


[Site "https://www.chess.com"]